TOP OF THE 1ST |
Las Vegas 51s batting - Pitching for Sacramento River Cats : RHP Pat Wiggins
|
Pitching: RHP Pat Wiggins
|
|
Batting: RHB Finn Ross
|
0-0: Ball 1-0: Ball 2-0: Foul Ball, location: 2F 2-1: Ball 3-1: Called Strike 3-2: Base on Balls
|
Batting: SHB Jason Larson
|
0-0: Ball 1-0: Ball Finn Ross steals 2nd base 2-0: Foul Ball, location: 2F 2-1: Swinging Strike 2-2: Reached on error, E4 (Groundball, 4MD, EV 84.4 MPH) Finn Ross scores
|
Batting: RHB Josh Jones
|
0-0: Called Strike 0-1: Called Strike 0-2: Strikes out looking
|
Batting: LHB Bill Armijo
|
0-0: Ball 1-0: DOUBLE (Groundball, 3D, EV 103.1 MPH) Jason Larson scores
|
Batting: RHB Jordan Fairburn
|
0-0: Ball 1-0: Swinging Strike 1-1: Foul Ball, location: 2F 1-2: Foul Ball, location: 2F 1-2: Foul Ball, location: 2F 1-2: Foul Ball, location: 2F 1-2: Ball 2-2: Fly out, F7 (Flyball, 7LS, EV 88.8 MPH)
|
Batting: RHB Mike Phillips
|
0-0: Called Strike 0-1: Ball 1-1: Called Strike 1-2: Ground out U3 (Groundball, 34, EV 83.8 MPH)
|
Top of the 1st over - 2 runs, 1 hit, 1 error, 1 left on base; Las Vegas 2 - Sacramento 0 |
BOTTOM OF THE 1ST |
Sacramento River Cats batting - Pitching for Las Vegas 51s : LHP Mike Capers
|
Pitching: LHP Mike Capers
|
|
Batting: LHB Mason Duffy
|
0-0: Ball 1-0: Ball 2-0: Foul Ball, location: 2F 2-1: Ball 3-1: Called Strike 3-2: Strikes out swinging
|
Batting: RHB Brian Rogers
|
0-0: Foul Ball, location: 2F 0-1: Ball 1-1: Ground out 6-3 (Groundball, 6, EV 88.1 MPH)
|
Batting: RHB Bill Defazio
|
0-0: Foul Ball, location: 2F 0-1: Ball 1-1: Swinging Strike 1-2: Ground out 6-3 (Groundball, 4M, EV 80.6 MPH)
|
Bottom of the 1st over - 0 runs, 0 hits, 0 errors, 0 left on base; Las Vegas 2 - Sacramento 0 |
TOP OF THE 2ND |
Las Vegas 51s batting - Pitching for Sacramento River Cats : RHP Pat Wiggins
|
Batting: RHB Devine Adams
|
0-0: Ball 1-0: Foul Ball, location: 2F 1-1: Fly out, F6 (Popup, 6M, EV 69.4 MPH)
|
Batting: RHB Zhao-ying Joe
|
0-0: DOUBLE (Line Drive, 89XD, EV 103.1 MPH)
|
Batting: RHB Alex Vasquez
|
0-0: Ball 1-0: Called Strike Zhao-ying Joe steals 3rd base 1-1: Fly out, F8 (Flyball, 8RS, EV 84.4 MPH)
|
Batting: RHB Finn Ross
|
0-0: Called Strike 0-1: Ground out 6-3 (Groundball, 6M, EV 88.8 MPH)
|
Top of the 2nd over - 0 runs, 1 hit, 0 errors, 1 left on base; Las Vegas 2 - Sacramento 0 |
BOTTOM OF THE 2ND |
Sacramento River Cats batting - Pitching for Las Vegas 51s : LHP Mike Capers
|
Batting: RHB Hugo Zacarias
|
0-0: Ball 1-0: SINGLE (Groundball, 4MD, EV 95.0 MPH)
|
Batting: RHB Justin Baldwin
|
0-0: Swinging Strike Pickoff Throw to First - Out! 1-3 0-1: Swinging Strike 0-2: Strikes out swinging
|
Batting: RHB Dave Crouch
|
0-0: SINGLE (Groundball, 56S, EV 74.4 MPH) (infield hit)
|
Batting: RHB Edwin Verdugo
|
0-0: Ball 1-0: Called Strike 1-1: Foul Ball, location: 2F 1-2: Foul Ball, location: 2F 1-2: Foul Ball, location: 2F 1-2: Strikes out looking
|
Bottom of the 2nd over - 0 runs, 2 hits, 0 errors, 1 left on base; Las Vegas 2 - Sacramento 0 |
TOP OF THE 3RD |
Las Vegas 51s batting - Pitching for Sacramento River Cats : RHP Pat Wiggins
|
Batting: SHB Jason Larson
|
0-0: Ground out 4-3 (Groundball, 4, EV 80.6 MPH)
|
Batting: RHB Josh Jones
|
0-0: Called Strike 0-1: DOUBLE (Line Drive, 9LD, EV 113.1 MPH)
|
Batting: LHB Bill Armijo
|
0-0: Ball 1-0: Ball 2-0: Called Strike 2-1: Ball 3-1: Called Strike 3-2: Strikes out swinging
|
Batting: RHB Jordan Fairburn
|
0-0: Called Strike 0-1: Foul Ball, location: 2F 0-2: Ground out 4-3 (Groundball, 4, EV 106.2 MPH)
|
Top of the 3rd over - 0 runs, 1 hit, 0 errors, 1 left on base; Las Vegas 2 - Sacramento 0 |
BOTTOM OF THE 3RD |
Sacramento River Cats batting - Pitching for Las Vegas 51s : LHP Mike Capers
|
Batting: RHB Matt Shepard
|
0-0: Called Strike 0-1: Called Strike 0-2: Strikes out swinging
|
Batting: LHB Willie Ceniceros
|
0-0: DOUBLE (Flyball, 78XD, EV 102.5 MPH)
|
Batting: LHB Mason Duffy
|
0-0: Called Strike 0-1: Ball 1-1: Ball 2-1: Ball 3-1: Foul Ball, location: 2F 3-2: Base on Balls
|
Batting: RHB Brian Rogers
|
0-0: Foul Ball, location: 2F 0-1: Ball 1-1: Foul Ball, location: 2F 1-2: Strikes out swinging
|
Batting: RHB Bill Defazio
|
0-0: Ball 1-0: Ball 2-0: Ball 3-0: Base on Balls Willie Ceniceros to third Mason Duffy to second
|
Batting: RHB Hugo Zacarias
|
0-0: Swinging Strike 0-1: Foul Ball, location: 2F 0-2: Ball 1-2: Strikes out swinging
|
Bottom of the 3rd over - 0 runs, 1 hit, 0 errors, 3 left on base; Las Vegas 2 - Sacramento 0 |
TOP OF THE 4TH |
Las Vegas 51s batting - Pitching for Sacramento River Cats : RHP Pat Wiggins
|
Batting: RHB Mike Phillips
|
0-0: Fly out, F9 (Flyball, 9LS, EV 80.0 MPH)
|
Batting: RHB Devine Adams
|
0-0: Called Strike 0-1: Ball 1-1: SINGLE (Line Drive, 6MD, EV 106.2 MPH)
|
Batting: RHB Zhao-ying Joe
|
0-0: Ball Devine Adams steals 2nd base 1-0: Foul Ball, location: 2F 1-1: Ball 2-1: Ground out 5-3 (Groundball, 56, EV 89.4 MPH)
|
Batting: RHB Alex Vasquez
|
0-0: Called Strike 0-1: Swinging Strike 0-2: Ball 1-2: Strikes out swinging
|
Top of the 4th over - 0 runs, 1 hit, 0 errors, 1 left on base; Las Vegas 2 - Sacramento 0 |
BOTTOM OF THE 4TH |
Sacramento River Cats batting - Pitching for Las Vegas 51s : LHP Mike Capers
|
Batting: RHB Justin Baldwin
|
0-0: Swinging Strike 0-1: Ball 1-1: Foul Ball, location: 2F 1-2: Ball 2-2: Ground out 6-3 (Groundball, 6, EV 106.9 MPH)
|
Batting: RHB Dave Crouch
|
0-0: Foul Ball, location: 2F 0-1: Ball 1-1: Foul Ball, location: 2F 1-2: Foul Ball, location: 2F 1-2: Foul Ball, location: 2F 1-2: Ground out 5-3 (Groundball, 56, EV 77.5 MPH)
|
Batting: RHB Edwin Verdugo
|
0-0: Ball 1-0: Ball 2-0: Fly out, F8 (Flyball, 8LD, EV 90.6 MPH)
|
Bottom of the 4th over - 0 runs, 0 hits, 0 errors, 0 left on base; Las Vegas 2 - Sacramento 0 |
TOP OF THE 5TH |
Las Vegas 51s batting - Pitching for Sacramento River Cats : RHP Pat Wiggins
|
Batting: RHB Finn Ross
|
0-0: DOUBLE (Line Drive, 7LM, EV 110.6 MPH)
|
Batting: SHB Jason Larson
|
0-0: Ball 1-0: Ball 2-0: Called Strike 2-1: Ball 3-1: Ground out 6-3 (Groundball, 6M, EV 106.9 MPH) Finn Ross to third
|
Batting: RHB Josh Jones
|
0-0: Ball 1-0: Foul Ball, location: 2F 1-1: Ball 2-1: SINGLE (Line Drive, 78S, EV 103.1 MPH) Finn Ross scores
|
Batting: LHB Bill Armijo
|
0-0: Foul Ball, location: 2F 0-1: Ball 1-1: Ball Josh Jones steals 2nd base (no throw) 2-1: Foul Ball, location: 2F 2-2: Strikes out swinging
|
Batting: RHB Jordan Fairburn
|
0-0: Foul Ball, location: 2F 0-1: Ball 1-1: Called Strike 1-2: Strikes out swinging
|
Top of the 5th over - 1 run, 2 hits, 0 errors, 1 left on base; Las Vegas 3 - Sacramento 0 |
BOTTOM OF THE 5TH |
Sacramento River Cats batting - Pitching for Las Vegas 51s : LHP Mike Capers
|
Batting: RHB Matt Shepard
|
0-0: Called Strike 0-1: Ball 1-1: Swinging Strike 1-2: Foul Ball, location: 2F 1-2: Ball 2-2: Ball 3-2: Base on Balls
|
Batting: LHB Willie Ceniceros
|
0-0: Called Strike 0-1: Ball 1-1: Foul Ball, location: 2F 1-2: Foul Ball, location: 2F 1-2: Ball 2-2: Ball 3-2: DOUBLE (Line Drive, 3D, EV 107.5 MPH) Matt Shepard to third
|
Batting: LHB Mason Duffy
|
0-0: Ball 1-0: Ball 2-0: Ball 3-0: Base on Balls
|
Batting: RHB Brian Rogers
|
0-0: Ball 1-0: Ball 2-0: Grounds into fielders choice U2 (Groundball, 15S, EV 75.6 MPH) Willie Ceniceros to third Mason Duffy to second
|
Batting: RHB Bill Defazio
|
0-0: SINGLE (Line Drive, 56D, EV 99.4 MPH) Willie Ceniceros scores Mason Duffy to third Brian Rogers to second Runner from 3rd tries for Home, SAFE, throw by LF to home
|
Batting: RHB Hugo Zacarias
|
0-0: Called Strike 0-1: Ball 1-1: Ball 2-1: SINGLE (Line Drive, 8RS, EV 106.9 MPH) Brian Rogers to third Bill Defazio to second
|
Batting: RHB Justin Baldwin
|
0-0: Ball 1-0: SINGLE (Line Drive, 56D, EV 95.0 MPH) Brian Rogers scores Bill Defazio to third Hugo Zacarias to second
|
Batting: RHB Dave Crouch
|
0-0: Ground out 5-3 (Groundball, 56S, EV 70.6 MPH) Bill Defazio scores Hugo Zacarias to third Justin Baldwin to second
|
Batting: RHB Edwin Verdugo
|
0-0: Reached on error, E5 (Groundball, 56, EV 86.2 MPH) Hugo Zacarias scores Justin Baldwin to third
|
Batting: RHB Matt Shepard
|
0-0: Ball 1-0: SINGLE (Groundball, 34D, EV 105.0 MPH) Justin Baldwin scores Edwin Verdugo to second Runner from 2nd tries for 3rd, SAFE, throw by RF made to third
|
Pitching: RHP Brian Wood
|
|
Batting: LHB Willie Ceniceros
|
0-0: Called Strike 0-1: DOUBLE (Flyball, 8RXD, EV 106.9 MPH) Edwin Verdugo scores Matt Shepard to third Runner from 3rd tries for Home, throw by CF and OUT! 8-4-2
|
Bottom of the 5th over - 7 runs, 6 hits, 1 error, 1 left on base; Las Vegas 3 - Sacramento 7 |
TOP OF THE 6TH |
Las Vegas 51s batting - Pitching for Sacramento River Cats : RHP Pat Wiggins
|
Batting: RHB Mike Phillips
|
0-0: Called Strike 0-1: Foul Ball, location: 2F 0-2: Ball 1-2: Foul Ball, location: 2F 1-2: SINGLE (Flyball, 6MD, EV 82.5 MPH)
|
Batting: RHB Devine Adams
|
0-0: Called Strike 0-1: SINGLE (Groundball, 56S, EV 63.1 MPH) (infield hit) Mike Phillips to second
|
Batting: RHB Zhao-ying Joe
|
0-0: Called Strike 0-1: SINGLE (Groundball, 34D, EV 95.6 MPH) Mike Phillips to third Devine Adams to second Runner from 3rd tries for Home, throw by RF and OUT! 9-2
|
Batting: RHB Alex Vasquez
|
0-0: Ball 1-0: Ball 2-0: Called Strike 2-1: Foul Ball, location: 2F 2-2: Ball 3-2: Base on Balls Devine Adams to third Zhao-ying Joe to second
|
Batting: RHB Finn Ross
|
0-0: Foul Ball, location: 2F 0-1: Foul Ball, location: 2F 0-2: SINGLE (Flyball, 78S, EV 90.0 MPH) Devine Adams scores Zhao-ying Joe to third Alex Vasquez to second Runner from 3rd tries for Home, SAFE, throw by LF to home
|
Pitching: RHP Tim Rymut
|
|
Batting: SHB Jason Larson
|
0-0: Ball 1-0: Foul Ball, location: 2F 1-1: Ball 2-1: DOUBLE (Flyball, 89D, EV 90.0 MPH) Alex Vasquez scores Finn Ross to third
|
Batting: RHB Josh Jones
|
0-0: DOUBLE (Line Drive, 9LS, EV 89.4 MPH) Finn Ross scores Jason Larson scores
|
Batting: LHB Bill Armijo
|
0-0: Intentional Walk
|
Batting: RHB Jordan Fairburn
|
0-0: Called Strike Josh Jones steals 3rd base Bill Armijo to second 0-1: Ball 1-1: Called Strike 1-2: Ground out 6-3 (Groundball, 6S, EV 67.5 MPH)
|
Batting: RHB Mike Phillips
|
0-0: SINGLE (Groundball, 6MD, EV 105.6 MPH) Josh Jones scores Bill Armijo to third Runner from 3rd tries for Home, SAFE, throw by CF to home
|
Pitching: RHP Israel Alvarado
|
|
Batting: RHB Devine Adams
|
0-0: Ball 1-0: Ball 2-0: Called Strike 2-1: Called Strike 2-2: Foul Ball, location: 2F 2-2: Ball 3-2: Ground out 5-3 (Groundball, 56, EV 86.9 MPH)
|
Top of the 6th over - 7 runs, 7 hits, 0 errors, 1 left on base; Las Vegas 10 - Sacramento 7 |
BOTTOM OF THE 6TH |
Sacramento River Cats batting - Pitching for Las Vegas 51s : RHP Brian Wood
|
Batting: LHB Mason Duffy
|
0-0: SINGLE (Groundball, 4MD, EV 97.5 MPH)
|
Batting: RHB Brian Rogers
|
Pickoff Throw to First - Out! 1-3 0-0: Ball 1-0: Foul Ball, location: 2F 1-1: Foul Ball, location: 2F 1-2: Ball 2-2: Ball 3-2: Base on Balls
|
Batting: RHB Bill Defazio
|
0-0: Foul Ball, location: 2F 0-1: DOUBLE (Flyball, 8RXD, EV 92.5 MPH) Brian Rogers to third
|
Batting: RHB Hugo Zacarias
|
0-0: Ball 1-0: Called Strike 1-1: SINGLE (Groundball, 34D, EV 100.0 MPH) (infield hit) Brian Rogers scores Bill Defazio to third
|
Batting: RHB Justin Baldwin
|
0-0: SINGLE (Line Drive, 4MD, EV 101.2 MPH) Bill Defazio scores Hugo Zacarias to second
|
Batting: RHB Dave Crouch
|
0-0: Ball 1-0: Swinging Strike 1-1: Foul Ball, location: 2F 1-2: Foul Ball, location: 2F 1-2: SINGLE (Groundball, 34D, EV 100.0 MPH) Hugo Zacarias to third Justin Baldwin to second Runner from 3rd tries for Home, throw by RF and OUT! 9-2 Justin Baldwin to third Dave Crouch to second
|
Batting: RHB Edwin Verdugo
|
0-0: Called Strike 0-1: Foul Ball, location: 2F 0-2: Ball 1-2: Ball 2-2: Ground out 4-3 (Groundball, 4, EV 106.2 MPH)
|
Bottom of the 6th over - 2 runs, 5 hits, 0 errors, 2 left on base; Las Vegas 10 - Sacramento 9 |
TOP OF THE 7TH |
Las Vegas 51s batting - Pitching for Sacramento River Cats : RHP Israel Alvarado
|
Batting: RHB Zhao-ying Joe
|
0-0: Called Strike 0-1: Ball 1-1: Called Strike 1-2: Fly out, F8 (Line Drive, 8RD, EV 93.1 MPH)
|
Batting: RHB Alex Vasquez
|
0-0: Foul Ball, location: 2F 0-1: Swinging Strike 0-2: Ball 1-2: Ball 2-2: Ground out 6-3 (Groundball, 6, EV 88.1 MPH)
|
Batting: RHB Finn Ross
|
0-0: Ball 1-0: Ground out 6-3 (Groundball, 6, EV 82.5 MPH)
|
Top of the 7th over - 0 runs, 0 hits, 0 errors, 0 left on base; Las Vegas 10 - Sacramento 9 |
BOTTOM OF THE 7TH |
Sacramento River Cats batting - Pitching for Las Vegas 51s : RHP Brian Wood
|
Batting: RHB Matt Shepard
|
0-0: Ball 1-0: Called Strike 1-1: Foul Ball, location: 2F 1-2: Strikes out swinging
|
Batting: LHB Willie Ceniceros
|
0-0: Called Strike 0-1: Foul Ball, location: 2F 0-2: Strikes out swinging
|
Batting: LHB Mason Duffy
|
0-0: Foul Ball, location: 2F 0-1: Swinging Strike 0-2: Ball 1-2: Ball 2-2: Ground out U3 (Groundball, 13, EV 91.2 MPH)
|
Bottom of the 7th over - 0 runs, 0 hits, 0 errors, 0 left on base; Las Vegas 10 - Sacramento 9 |
TOP OF THE 8TH |
Las Vegas 51s batting - Pitching for Sacramento River Cats : RHP Israel Alvarado
|
Batting: SHB Jason Larson
|
0-0: SINGLE (Line Drive, 7S, EV 106.2 MPH)
|
Batting: RHB Josh Jones
|
0-0: Fielders Choice at 2nd, 2-4 (Groundball, 2L, EV 67.5 MPH)
|
Pitching: LHP Adam Ody
|
|
Batting: LHB Bill Armijo
|
0-0: Called Strike 0-1: Ball 1-1: Grounds into double play, 4-6-3 (Groundball, 4, EV 89.4 MPH)
|
Top of the 8th over - 0 runs, 1 hit, 0 errors, 0 left on base; Las Vegas 10 - Sacramento 9 |
BOTTOM OF THE 8TH |
Sacramento River Cats batting - Pitching for Las Vegas 51s : RHP Brian Wood
|
Pitching: RHP Alastair Henry
|
|
Batting: RHB Brian Rogers
|
0-0: Ball 1-0: Called Strike 1-1: Fly out, F6 (Popup, 6M, EV 68.8 MPH)
|
Batting: RHB Bill Defazio
|
0-0: Called Strike 0-1: Called Strike 0-2: Strikes out looking
|
Batting: RHB Hugo Zacarias
|
0-0: Swinging Strike 0-1: Ground out 4-3 (Groundball, 34, EV 103.1 MPH)
|
Bottom of the 8th over - 0 runs, 0 hits, 0 errors, 0 left on base; Las Vegas 10 - Sacramento 9 |
TOP OF THE 9TH |
Las Vegas 51s batting - Pitching for Sacramento River Cats : LHP Adam Ody
|
Batting: RHB Jordan Fairburn
|
0-0: Foul Ball, location: 2F 0-1: Fly out, F8 (Line Drive, 8LM, EV 93.1 MPH)
|
Batting: RHB Mike Phillips
|
0-0: Foul Ball, location: 2F 0-1: Called Strike 0-2: Strikes out looking
|
Batting: RHB Devine Adams
|
0-0: Called Strike 0-1: Foul Ball, location: 2F 0-2: Ball 1-2: SINGLE (Groundball, 34D, EV 108.8 MPH)
|
Batting: RHB Zhao-ying Joe
|
0-0: Called Strike Devine Adams is caught stealing 2nd base 2-4
|
Top of the 9th over - 0 runs, 1 hit, 0 errors, 0 left on base; Las Vegas 10 - Sacramento 9 |
BOTTOM OF THE 9TH |
Sacramento River Cats batting - Pitching for Las Vegas 51s : RHP Alastair Henry
|
Pitching: LHP Ken Dewey
|
|
Now at 1B: Roger Renteria
|
|
Now in LF: Jose Chavez
|
|
Now in CF: Finn Ross
|
|
Now in RF: Devine Adams
|
|
Batting: RHB Justin Baldwin
|
0-0: Foul Ball, location: 2F 0-1: Fly out, F6 (Line Drive, 6, EV 68.1 MPH)
|
Batting: RHB Dave Crouch
|
0-0: Ball 1-0: Ground out 6-3 (Groundball, 56S, EV 69.4 MPH)
|
Batting: RHB Edwin Verdugo
|
0-0: Swinging Strike 0-1: Called Strike 0-2: Foul Ball, location: 2F 0-2: Ball 1-2: Ball 2-2: Strikes out looking
|
Bottom of the 9th over - 0 runs, 0 hits, 0 errors, 0 left on base; Las Vegas 10 - Sacramento 9 |
|